 Dungeon Crawl Stone Soup version 0.31-a0-1576-ga3383bade6 (webtiles) character file.

Game seed: 13952635873658687952

585 wildpjah the Slasher (level 7, -1/51 HPs)
             Began as a Demonspawn Gladiator on Jan 4, 2024.
             Was an Initiate of Hepliaklqana.
             Slain by a killer bee (3 damage)
             ... on level 4 of the Dungeon.
             The game lasted 00:06:45 (2203 turns).

wildpjah the Slasher (Demonspawn Gladiator)         Turns: 2203, Time: 00:06:46

Health: -1/51      AC:  4    Str: 14    XL:     7   Next: 15%
Magic:  8/8        EV: 13    Int:  9    God:    Hepliaklqana [......]
Gold:   136        SH:  4    Dex: 16    Spells: 4/6 levels left

rFire   . . .        a - +0 long sword
rCold   . . .        (no shield)
rNeg    . . .        j - +0 leather armour {Will+}
rPois   .            h - +1 hat
rElec   .            (no cloak)
rCorr   .            (no gloves)
SInv    .            (no boots)
Will    +....        (no amulet)
Stlth   ++           (no ring)
HPRegen 0.28/turn    (no ring)
MPRegen 0.11/turn

%: no passive effects
@: lethally poisoned (-1 -> -11)
A: powered by death 1, condensation shield, demonic touch 1
a: Renounce Religion


You were on level 4 of the Dungeon.
You worshipped Hepliaklqana.
Hepliaklqana was noncommittal.
You visited 2 branches of the dungeon, and saw 5 of its levels.

You collected 136 gold pieces.

Inventory:

Hand Weapons
 a - a +0 long sword (weapon)
 p - a +0 long sword
Missiles
 d - a throwing net (quivered)
 e - a javelin
 r - a boomerang
 t - 2 poisoned darts
Armour
 b - a +0 leather armour
 c - a +0 helmet
 h - a +1 hat (worn)
 i - a +0 ring mail
 j - a +0 leather armour of willpower (worn)
Wands
 q - a wand of iceblast (5)
Scrolls
 g - a scroll of immolation {unknown}
 m - a scroll of noise {unknown}
 n - a scroll of teleportation {unknown}
 o - a scroll of enchant armour {unknown}
Potions
 f - a potion of enlightenment {unknown}
 k - a potion of resistance {unknown}
 l - a potion of haste {unknown}
 s - 2 potions of brilliance {unknown}


   Skills:
 + Level 2.8 Fighting
 + Level 4.6 Long Blades
 + Level 2.0 Throwing
 + Level 2.2 Armour
 * Level 4.5 Dodging
 + Level 1.6 Stealth
 + Level 0.2 Shields
 * Level 1.8 Hexes
 * Level 1.4 Invocations


You had 4 spell levels left.
You knew the following spells:

 Your Spells              Type           Power      Damage    Failure   Level
a - Jinxbite              Hex            6%         N/A       34%         2

Your spell library contained the following spells:

 Spells                   Type           Power      Damage    Failure   Level
 Magic Dart               Conj           0%         1d3       45%         1
 Summon Small Mammal      Summ           0%         N/A       45%         1
 Searing Ray              Conj           0%         2d4       58%         2
 Summon Ice Beast         Ice/Summ       0%         N/A       83%         3
 Fulminant Prism          Conj/Alch      0%         3d5       99%         4
 Summon Mana Viper        Hex/Summ       1%         N/A       100%        5
 Yara's Violent Unravell  Hex/Alch       0%         3d3       100%        5
 Enfeeble                 Hex            1%         N/A       100%        7
 Monstrous Menagerie      Summ           0%         N/A       100%        7


Dungeon Overview and Level Annotations

Branches:
Dungeon (4/15)             Temple (1/1) D:4

Altars:
Fedhas
Gozag
Hepliaklqana
Nemelex Xobeh
Qazlal
Ru
Trog
Uskayaw
Vehumet
Wu Jian
Xom
Yredelemnul

Annotations:
D:3 Natasha


Innate Abilities, Weirdness & Mutations

You regenerate a little health from kills.
A meltable shield of frost defends you. (SH +4)
Your touch may inflict minor irresistible damage on your foes.


Message History

The killer bee stings you but does no damage.
The killer bee stings you.
You are more poisoned.
The killer bee poisons you!
You completely miss the killer bee.
You touch the killer bee!
The killer bee is heavily wounded.
You feel very sick. The killer bee closely misses you. x2
You closely miss the killer bee.
The killer bee is heavily wounded.
You feel sick. The killer bee barely misses you. x2
The killer bee stings you.
You are more poisoned.
The killer bee poisons you!
You slash the killer bee!
The killer bee is almost dead.
You feel very sick.
The killer bee stings you but does no damage.
The killer bee completely misses you.
You miss the killer bee.
The killer bee is almost dead.
You feel sick. The killer bee stings you. The killer bee misses you.
The killer bee stings you.
* * * LOW HITPOINT WARNING * * *
Throw: 3 throwing nets
Press: ? - help, Q - select action, (/) - cycle Shift-Dir - straight line, f - killer bee
Aim: a killer bee (almost dead, 29% to hit)
You throw a throwing net. The throwing net misses the killer bee.
You feel sick. The killer bee stings you.
* * * LOW HITPOINT WARNING * * *
Throw: 2 throwing nets
Press: ? - help, Q - select action, (/) - cycle Shift-Dir - straight line, f/p - killer bee
Aim: a killer bee (almost dead, 29% to hit)
You throw a throwing net.
The throwing net closely misses the killer bee.
You feel sick. The killer bee stings you.
* * * LOW HITPOINT WARNING * * *
You are more poisoned.
The killer bee poisons you! The killer bee stings you.
You die...

......................##.
.........##...........###
.......... #..........##
........## #.........###
.$.......###.........###
######.....##.............
##....##...##..............
#.####.#......####.).......
#.#.#..#..@y.....(.........
#.##.#.'.##†'##.....#..####
#.)#######8..8##....#...##.
##†..)# #8....8#........†⌠.
###### #[....)#...........
#(....)#.......⌠.>.
#8..?.8#...........
##8..8##.####....⌠. ..#
##.....


You could see a killer bee.

Vanquished Creatures
  Sigmund (D:2)
  Menkaure (D:4)
  A killer bee (D:4)
  A bombardier beetle (D:2)
  A hound (D:4)
  A sleepcap (D:4)
  Crazy Yiuf (D:2)
  Ijyb (D:3)
  4 adders
  2 dart slugs
  5 orcs
  4 ball pythons
  3 endoplasms
  2 giant cockroaches
  7 hobgoblins
  A quokka (D:2)
  5 bats
  2 frilled lizards
  4 goblins
  7 kobolds
  7 rats
61 creatures vanquished.

Notes
Turn   | Place    | Note
-------+----------+-------------------------------------------
     0 | D:1      | wildpjah the Demonspawn Gladiator began the quest for the
                  | Orb.
     0 | D:1      | Reached XP level 1. HP: 16/16 MP: 1/1
   197 | D:1      | Gained mutation: Your touch may inflict minor irresistible
                  | damage on your foes. [demonic ancestry]
   197 | D:1      | Reached XP level 2. HP: 16/22 MP: 2/2
   917 | D:2      | Reached XP level 3. HP: 27/27 MP: 3/3
  1050 | D:2      | Found a faded altar of an unknown god.
  1058 | D:2      | Got Plato's Elucidation of Support
  1076 | D:2      | Gained mutation: A meltable shield of frost defends you.
                  | (SH +4) [demonic ancestry]
  1076 | D:2      | Reached XP level 4. HP: 33/33 MP: 4/4
  1094 | D:2      | Noticed Sigmund
  1100 | D:2      | Killed Sigmund
  1101 | D:2      | Reached skill level 1 in Armour
  1101 | D:2      | Reached skill level 1 in Stealth
  1101 | D:2      | Reached XP level 5. HP: 30/39 MP: 5/5
  1368 | D:2      | Reached XP level 6. HP: 46/46 MP: 6/6
  1436 | D:2      | Found a runed translucent door.
  1437 | D:2      | Noticed Crazy Yiuf
  1444 | D:2      | Killed Crazy Yiuf
  1755 | D:3      | Noticed Ijyb
  1763 | D:3      | Killed Ijyb
  1826 | D:3      | Found a basalt altar of Yredelemnul.
  1843 | D:3      | Noticed Natasha
  1843 | D:3      | You fall into a shaft and drop 1 floor!
  1843 | D:4      | Found a large runed translucent door.
  1844 | D:4      | Found a large runed translucent door.
  1853 | D:4      | Found a staircase to the Ecumenical Temple.
  1865 | Temple   | Entered the Ecumenical Temple
  1887 | Temple   | Became a worshipper of Hepliaklqana the Forgotten
  1974 | D:4      | Learned a level 2 spell: Jinxbite
  1996 | D:4      | Noticed Menkaure
  2003 | D:4      | Killed Menkaure
  2004 | D:4      | Reached skill level 1 in Invocations
  2066 | D:4      | Reached skill level 1 in Hexes
  2066 | D:4      | Gained mutation: You regenerate a little health from kills.
                  | [demonic ancestry]
  2066 | D:4      | Reached XP level 7. HP: 23/51 MP: 7/7
  2203 | D:4      | HP: 2/51 [killer bee (4)]
  2203 | D:4      | Slain by a killer bee

Illustrated notes

Levels and vault maps discovered:
D:1:      reono_arrival_mine, layout_basic
D:2:      layout_loops_ring, shapermc_ecumenical_altar_rom_forum,
          minmay_misc_feat_rugged, grunt_ministairs_7, minivault_23,
          minmay_misc_feat_ornament, uniq_sigmund, uniq_crazy_yiuf_cottage
D:3:      layout_loops_ring, yredelemnul_altar_generic,
          chequers_temple_overflow_minitemple, minmay_increasing_density,
          uniq_ijyb, uniq_natasha
D:4:      layout_cave_pools, mainiacjoe_overflow_brackets, temple_fountains,
          st_stairs_8, minmay_hollow_rounded_squares, uniq_menkaure
Temple:   minmay_temple_bridge_abc

Skill      XL: |  1  2  3  4  5  6 |
---------------+-------------------+-----
Dodging        | 3 4 |  4.5
Long Blades    | 3 4 |  4.6
Throwing       | 2 |  2.0
Armour         | 1 2 |  2.2
Stealth        | 1 |  1.6
Invocations    | 1 |  1.4
Hexes          | 1 |  1.8
Fighting       | |  2.8
Shields        | |  0.2

Action                     |  1- 3 |  4- 6 |  7- 9 || total
---------------------------+-------+-------+-------++-------
  Melee: Long sword        |    83 |    67 |    14 ||   164
         Touch             |     2 |    18 |     3 ||    23
         Punch             |     1 |       |       ||     1
  Throw: Throwing net      |       |     5 |     2 ||     7
   Stab: Sleeping          |     1 |     6 |     1 ||     8
         Held in net/web   |       |     2 |       ||     2
 Armour: Leather armour    |    36 |    28 |    14 ||    78
         Ring mail         |    10 |       |       ||    10
  Dodge: Dodged            |    50 |    31 |    13 ||    94
  Block: Other             |       |    11 |     2 ||    13

Table legend: (Time is in decaauts)
 A = Elapsed time spent in this place.
 B = Non-inter-level travel time spent in this place.
 C = Inter-level travel time spent in this place.
 D = Time resting spent in this place.
 E = Time spent auto-exploring this place.
 F = Levels seen in this place.
 G = Mean time per level.
                   A        B        C        D        E       F      G
               +--------+--------+--------+--------+--------+-----+--------+
         Total |   2237 |   2138 |     99 |     98 |   1503 |   5 |  447.4 |
       Dungeon |   2194 |   2114 |     80 |     98 |   1503 |   4 |  548.5 |
        Temple |     43 |     24 |     19 |      0 |      0 |   1 |   43.0 |
               +--------+--------+--------+--------+--------+-----+--------+

Top non-repeatable levels by time:
     D:2: 886 daAuts
     D:1: 842 daAuts
     D:4: 325 daAuts
     D:3: 140 daAuts
  Temple: 43 daAuts
